AoeStats
← GAX | lee17-han

Arabia

510330293Analyzed
1v1 RM · 3d ago on Sep 30, 2026· 34m 7s· 2 players
Game mode
Random Map
Map size
Tiny (2 player)
Population
200
Speed
Normal
Resources
Standard
Victory
Conquest
Starting age
Dark Age
Ending age
Imperial Age
RankedLock teamsTeams togetherTeam positionsShared explorationLock speedFull tech treeHidden civsTurbo modeCheats
Victory
Defeat
🇧🇷 Burgundians · Brazil
1656
+15
🇬🇧 Magyars · United Kingdom
1625
-15
Hoppsywins
8:27 Feudal Age
7:15 Loom
9:42 Double-Bit Axe
12:25 Fletching
15:55 Wheelbarrow
19:41 Castle Age
18:23 Horse Collar
19:11 Gold Mining
20:17 Bodkin Arrow
19:43 Crossbowman
20:41 Bow Saw
22:39 Padded Archer Armor
24:45 Hand Cart
24:16 Town Watch
26:00 Elite Skirmisher
28:53 Leather Archer Armor
32:56 Ballistics
GAX | lee17-han
3:20 Double-Bit Axe
6:55 Loom
9:31 Feudal Age
12:33 Horse Collar
14:19 Fletching
22:15 Castle Age
21:22 Bow Saw
21:27 Padded Archer Armor
22:05 Town Watch
22:19 Crossbowman
22:56 Bodkin Arrow
24:52 Ballistics
24:35 Heavy Plow
24:41 Gold Mining
26:42 Wheelbarrow
26:23 Leather Archer Armor
26:48 Husbandry
26:54 Scale Barding Armor
26:46 Cavalier
32:04 Chain Barding Armor
Connection lost

Rejoining the realm…

Still unreachable

The connection could not be restored.

Session expired

The server has moved on; the page needs a fresh start.